 Dungeon Crawl Stone Soup version 0.29.1-1-gd02db6906a (webtiles) character file.

Game seed: 16711256686197264706

42 Anriel the Poker (level 3, -1/27 HPs)
             Began as a Demonspawn Gladiator on Oct 12, 2022.
             Slain by a gnoll
             ... wielding a +0 whip
              (6 damage)
             ... on level 2 of the Dungeon.
             The game lasted 00:09:04 (686 turns).

Anriel the Poker (Demonspawn Gladiator)              Turns: 686, Time: 00:09:05

Health: -1/27      AC:  4    Str: 16    XL:     3   Next: 35%
Magic:  3/3        EV:  6    Int:  9    God:
Gold:   52         SH:  0    Dex: 14    Spells: 2/2 levels left

rFire   . . .      SeeInvis .   a - +0 trident
rCold   . . .      Faith    .   (no shield)
rNeg    . . .      Spirit   .   b - +0 leather armour
rPois   .          Reflect  .   c - +0 helmet
rElec   .          Harm     .   (no cloak)
rCorr   .          Rampage  .   (no gloves)
Will    .....                   (no boots)
Stlth   +.........              (no amulet)
HPRegen 0.09/turn               (no ring)
MPRegen 0.08/turn               (no ring)

@: held, hasted, very quick
A: demonic guardian 1
a: no special abilities


You were on level 2 of the Dungeon.
You visited 1 branch of the dungeon, and saw 2 of its levels.

You collected 52 gold pieces.

Inventory:

Hand Weapons
 a - a +0 trident (weapon)
Missiles
 d - 3 throwing nets (quivered)
 e - a javelin
Armour
 b - a +0 leather armour (worn)
 c - a +0 helmet (worn)
Magical Staves
 j - a staff of death
Scrolls
 m - a scroll of amnesia
 o - a scroll of butterflies
Potions
 f - a potion of cancellation {unknown}
 g - 2 potions of haste
 h - a potion of mutation {unknown}
 i - a potion of brilliance {unknown}
 k - a potion of curing {unknown}
 l - a potion of invisibility {unknown}
 n - a potion of degeneration {unknown}


   Skills:
 + Level 2.2 Fighting
 + Level 3.4 Polearms
 + Level 1.8 Throwing
 + Level 0.5 Armour
 * Level 3.1 Dodging


You had 2 spell levels left.
You didn't know any spells.
Your spell library was empty.

Dungeon Overview and Level Annotations

Branches:
Dungeon (2/15)

Altars:


Innate Abilities, Weirdness & Mutations

A weak demonic guardian rushes to your aid.


Message History

Found 4 gold pieces.
You now have 52 gold pieces (gained 4). 2 gnolls come into view.
The gnoll shouts!
You hear a shout!
A gnoll comes into view. It is wielding a +0 whip.
The gnoll shouts! x2
Okay, then.
Okay, then.
A gnoll comes into view. It is wielding a +0 spear.
Reach: a) +0 trident
Press: ? - help, Dir - move target, f - gnoll
Aim: a gnoll, wielding a +0 halberd (about 37% to evade your +0 trident)
You reach to attack!
You hit the gnoll.
The gnoll is moderately wounded.
The gnoll hits you from afar with a +0 halberd.
Reach: a) +0 trident
Press: ? - help, Dir - move target, f/p - gnoll
Aim: a gnoll, wielding a +0 halberd (moderately wounded, about 37% to evade your +0 trident)
You reach to attack!
You hit the gnoll.
The gnoll is almost dead.
The gnoll barely misses you. The gnoll closely misses you.
Reach: a) +0 trident
Press: ? - help, Dir - move target, f/p - gnoll
Aim: a gnoll, wielding a +0 halberd (almost dead, about 37% to evade your +0 trident)
You reach to attack!
You hit the gnoll.
You kill the gnoll!
The gnoll throws a throwing net.
The throwing net hits you.
You become entangled in the net!
The gnoll hits you from afar with a +0 spear.
The gnoll hits you from afar with a +0 spear!
A demonic guardian appears!
You struggle against the net.
The gnoll hits you with a +0 whip.
* * * LOW HITPOINT WARNING * * *
The gnoll hits you from afar with a +0 spear.
* * * LOW HITPOINT WARNING * * *
The gnoll hits you but does no damage.
Your white imp hits the gnoll but does no damage.
It was a potion of haste.
You feel yourself speed up. The gnoll hits you with a +0 whip.
You die...

#...## ..###
##..### ###
### ...#... ..
# #..... .. #
#.# #....###.
####..#
###....#.. #
.....##
.....gg..# .#
......#
......5#.##..#
.......
......g@.....#
.......
.####.##.#...#
....<.. # #.#
.# ....).. #.#
....... #.#
....... #.#
....... ##.##
....... #...#
####### ###.#


You could see 3 gnolls and a friendly white imp (summoned).

Vanquished Creatures
  A gnoll (D:2)
  A dart slug (D:2)
  An endoplasm (D:2)
  A giant cockroach (D:1)
  3 hobgoblins
  A kobold (D:1)
  2 quokkas (D:1)
  3 ball pythons
  5 bats
  3 frilled lizards
  5 goblins
  3 rats
29 creatures vanquished.

Notes
Turn   | Place    | Note
-------+----------+-------------------------------------------
     0 | D:1      | Anriel the Demonspawn Gladiator began the quest for the
                  | Orb.
     0 | D:1      | Reached XP level 1. HP: 16/16 MP: 1/1
   240 | D:1      | Gained mutation: A weak demonic guardian rushes to your
                  | aid. [demonic ancestry]
   240 | D:1      | Reached XP level 2. HP: 19/22 MP: 2/2
   602 | D:2      | Reached XP level 3. HP: 24/27 MP: 3/3
   686 | D:2      | Slain by a gnoll

Illustrated notes

Levels and vault maps discovered:
D:1:      dpeg_arrival_court, layout_rooms
D:2:      layout_rooms, serial_curves, eino_curves_01, eino_curves_04,
          eino_curves_04, dreamdust_ecumenical_altar_sealed_demon

Skill      XL: |  1  2 |
---------------+-------+-----
Polearms       | 3 |  3.4
Dodging        | 3 |  3.1
Fighting       | |  2.2
Throwing       | |  1.8
Armour         | |  0.5

Action                   || total
-------------------------++-------
Melee: Trident           ||    77
  Use: Scroll            ||     4
       Potion            ||     1
 Stab: Sleeping          ||     1
Armor: Leather armour    ||    16
Dodge: Dodged            ||    32
